[Event "Early-Titled-Tuesday-Blitz-February-27-2024"]
[Site "Chess.com"]
[Date "2024.02.27"]
[Round "2"]
[White "patzersame"]
[Black "Witik"]
[Result "0-1"]
[WhiteElo "2405"]
[BlackElo "2713"]
[TimeControl "180+1"]
[EndTime "8:16:28 PST"]
[Termination "Witik won by resignation"]

1. e4 c6 2. Nc3 d5 3. Nf3 dxe4 4.
Nxe4 Nf6 5. Nxf6+ exf6 6. d4 Bd6 7. Bd3 O-O 8. h3 Re8+ 9. Be3 Nd7 10. O-O Nf8 11. c4 Ng6 12. Qc2 Be6 13. Rfd1 Qd7 14. h4 Bg4 15. Nh2 Bxd1 16. Rxd1 Bxh2+ 17. Kxh2 Qg4 18. g3 Qd7 19. h5 Nf8 20. Bf5 Qe7 21. d5 Rad8 22.
d6 Rxd6 23. Bc5 Red8 24. Rxd6 Rxd6 25. Qa4 Qe2 26. Qxa7 Rd8 27. Qxb7 Qxh5+ 28. Bh3 Qxc5 29. Qe7 Qxe7 0-1

[Event "Early-Titled-Tuesday-Blitz-February-27-2024"]
[Site "Chess.com"]
[Date "2024.02.27"]
[Round "2"]
[White "EvgenyBurmakin"]
[Black "GlavkonVVS"]
[Result "0-1"]
[WhiteElo "2340"]
[BlackElo "2555"]
[TimeControl "180+1"]
[EndTime "8:16:28 PST"]
[Termination "GlavkonVVS won by resignation"]

1. e4 Nf6 2. e5 Nd5 3. c4 Nb6 4. d4 d6 5. f4 dxe5 6. fxe5 c5 7. d5 g6 8. b3 Bg7 9. Bb2 O-O 10. Nf3 Bg4 11. h3 Bxf3 12. Qxf3 e6 13. d6 Nc6 14. Qe4 Nd7 15. Nc3 Ndxe5 16. O-O-O f5 17. Qe3 Qh4 18.
Qxc5 Rac8 19. Kb1 Nd7 20. Qe3 Rfe8 21. g3 Qd8 22. Bg2 Qa5 23. Rhe1 a6 24. g4 Rcd8 25. Qd2 Nc5 26. Qf2 Nb4 27. gxf5 Ncd3 28. Qd2 Nxb2 29.
Qxb2 exf5 30. Rxe8+ Rxe8 31. d7 Rd8 32. Bd5+ Nxd5 33.
Rxd5 Qxc3 34. Qxc3 Bxc3 35. Kc2 Bf6 36. b4 Kf7 37. Kd3 Ke6 38. Ke3 Rxd7 39. Rc5 Bd4+ 0-1

[Event "Early-Titled-Tuesday-Blitz-February-27-2024"]
[Site "Chess.com"]
[Date "2024.02.27"]
[Round "2"]
[White "SARGISMV"]
[Black "JAN2404"]
[Result "1-0"]
[WhiteElo "2447"]
[BlackElo "1964"]
[TimeControl "180+1"]
[EndTime "8:16:28 PST"]
[Termination "SARGISMV won by resignation"]

1. d4 Nf6 2. c4 g6 3. Nc3 Bg7 4. e4 d6 5. Be2 O-O 6. Nf3 e5 7.
O-O Nc6 8. d5 Ne7 9. Ne1 Nd7 10.
Nd3 f5 11. Bd2 Nf6 12. f3 f4 13. c5 g5 14. cxd6 cxd6 15. Nf2 Rf7 16. Qc2 Ng6 17.
Rfc1 a6 18. a4 h5 19. h3 Nh7 20. a5 g4 21. fxg4 hxg4 22. hxg4 Ng5 23. Na4 b5 24. Nb6 Bb7 25. Nxa8 Qxa8 26. Ra3 Nh4 27. Bf3 Qa7 28. Kf1 Qd4 29. Qc3 Ngxf3 30. gxf3 Nxf3 31. Qxd4 Nxd4 32. Bb4 Bf8 33. Rac3 Rh7 34. Rc7 Rh1+ 35. Nxh1 1-0

[Event "Early-Titled-Tuesday-Blitz-February-27-2024"]
[Site "Chess.com"]
[Date "2024.02.27"]
[Round "2"]
[White "1mbl4"]
[Black "GrotBchess"]
[Result "1-0"]
[WhiteElo "2599"]
[BlackElo "2374"]
[TimeControl "180+1"]
[EndTime "8:16:29 PST"]
[Termination "1mbl4 won by checkmate"]

1. b3 e5 2. Bb2 Nc6 3. e3 g6 4. Nf3 Bg7 5. d4 exd4 6. exd4 d5 7. Be2 Nge7 8. Nbd2 O-O 9. O-O Bf5 10. a3 Re8 11.
Re1 Nc8 12. Nf1 Nd6 13. Ne3 Be4 14. c4 Nf5 15. Nxf5 Bxf5 16. Rc1 Qd7 17. Qd2 Rad8 18.
cxd5 Qxd5 19. Bc4 Rxe1+ 20. Rxe1 Qd6 21. Ng5 Rf8 22. Nxf7 Rxf7 23. Re8+ Bf8 24. Qh6 Na5 25. Bxf7+ Kxf7 26. Qe3 Bh6 27. Qe2 Nxb3 28. d5 Nc1 29.
Bxc1 Bxc1 30. Rh8 Kg7 31. Qe8 Qf6 32. Qg8+ Kh6 33. Qxh7+ Kg5 34. Qh4# 1-0

[Event "Early-Titled-Tuesday-Blitz-February-27-2024"]
[Site "Chess.com"]
[Date "2024.02.27"]
[Round "2"]
[White "Christ_is_alive"]
[Black "ExchangeAB"]
[Result "0-1"]
[WhiteElo "2280"]
[BlackElo "2524"]
[TimeControl "180+1"]
[EndTime "8:16:29 PST"]
[Termination "ExchangeAB won by checkmate"]

1. e4 c6 2. d4 d5 3. Nd2 dxe4 4.
Nxe4 Nf6 5. Nxf6+ exf6 6. c3 Bd6 7. Bd3 O-O 8. Qc2 h6 9. Ne2 Re8 10. Be3 Nd7 11. O-O-O Nf8 12. g4 Qc7 13. Kb1 Ne6 14.
h4 Nf4 15. g5 Nxd3 16. Qxd3 g6 17. Qd2 Bf5+ 18. Ka1 fxg5 19. hxg5 h5 20. Nf4 Re4 21.
Nxh5 gxh5 22. Rxh5 Bg6 23. Rh6 Bf8 24. Rh3 Bg7 25.
Rdh1 Rae8 26. a3 b5 27. Qe2 a5 28. Qf3 b4 29. R1h2 bxc3 30. Qh1 cxb2+ 31. Kxb2 Rb8+ 32.
Ka2 Kf8 33. Rh8+ Bxh8 34. Rxh8+ Ke7 35. Rxb8 Qxb8 36. Qf3 Qd6 37. Bd2 Qe6+ 38. Ka1 Re1+ 39.
Bxe1 Qxe1+ 40. Kb2 Qb1+ 41. Kc3 Qc2# 0-1

[Event "Early-Titled-Tuesday-Blitz-February-27-2024"]
[Site "Chess.com"]
[Date "2024.02.27"]
[Round "2"]
[White "quvnoq_muxlis"]
[Black "ChessboArt"]
[Result "1-0"]
[WhiteElo "2681"]
[BlackElo "2263"]
[TimeControl "180+1"]
[EndTime "8:16:30 PST"]
[Termination "quvnoq_muxlis won by checkmate"]

1. e4 c6 2. d4 d5 3. e5 g6 4. Be2 Bg7 5. Nf3 Nh6 6. O-O f6 7. exf6 exf6 8. h3 O-O 9. c4 Be6 10. b3 Re8 11. Re1 Nd7 12. Nc3 Nb6 13.
c5 Nd7 14. Bf4 Nf7 15. Bh2 h6 16. b4 a6 17. a4 f5 18. b5 Nf6 19. bxc6 bxc6 20. Rb1 Ne4 21. Qd3 Qa5 22. Rec1 Nfg5 23.
Ne5 Nxc3 24. Qxc3 Qxc3 25. Rxc3 Ne4 26. Rc2 Rab8 27. Rcb2 Rxb2 28. Rxb2 Bxe5 29. Bxe5 Nc3 30.
Bxa6 Nxa4 31. Rb7 Nc3 32. Rg7+ Kf8 33. Rxg6 Bf7 34. Rxc6 f4 35. Bxf4 Re1+ 36. Kh2 Ra1 37. Bxh6+ Ke7 38. Bc8 Ne4 39. f3 Nf2 40. Bg5+ Kf8 41.
Bf5 Nd1 42. Rc7 Ra2 43. Kg3 Nc3 44. Bf6 Ne2+ 45. Kg4 Be8 46. Be6 Nc3 47. Bg7# 1-0

[Event "Early-Titled-Tuesday-Blitz-February-27-2024"]
[Site "Chess.com"]
[Date "2024.02.27"]
[Round "2"]
[White "ikhasu"]
[Black "BozeKat"]
[Result "0-1"]
[WhiteElo "2456"]
[BlackElo "2149"]
[TimeControl "180+1"]
[EndTime "8:16:30 PST"]
[Termination "BozeKat won by resignation"]

1. d4 d5 2. Bf4 Nf6 3. e3 c5 4.
Nf3 Nc6 5. Nc3 a6 6. Ne5 cxd4 7.
Nxc6 bxc6 8. exd4 Bg4 9. Qd2 e6 10.
Bd3 Qb6 11. h3 Bh5 12. g4 Bg6 13. O-O-O Qxd4 14. Be3 Qb4 15. Bxg6 hxg6 16. a3 Qa5 17. g5 Nd7 18. Qd3 Ne5 19. Qd4 Nc4 20. Rd3 Nxb2 21. Na4 Nxd3+ 22. cxd3 Bxa3+ 23. Kc2 O-O 24. h4 c5 25. Qg4 d4 26. h5 Qxa4+ 0-1

[Event "Early-Titled-Tuesday-Blitz-February-27-2024"]
[Site "Chess.com"]
[Date "2024.02.27"]
[Round "2"]
[White "dorpato"]
[Black "Atousa"]
[Result "0-1"]
[WhiteElo "2111"]
[BlackElo "2466"]
[TimeControl "180+1"]
[EndTime "8:16:30 PST"]
[Termination "Atousa won on time"]

1. e4 c5 2. Nf3 e6 3. d3 a6 4. Nbd2 b5 5. g3 Bb7 6. Bg2 Nf6 7. O-O Be7 8. Re1 O-O 9. Nf1 d5 10. e5 Nfd7 11. h4 Nc6 12. N1h2 b4 13. Bf4 a5 14. Ng5 h6 15. Ngf3 a4 16. a3 bxa3 17. bxa3 Re8 18. Qd2 Bf8 19. h5 Nd4 20. Ng4 Nf5 21. c3 d4 22. cxd4 cxd4 23. Nh4 Bxg2 24. Nxg2 Nc5 25. Rac1 Nb3 26. Qb2 Nxc1 27. Rxc1 Rb8 28.
Qd2 Bxa3 29. Ra1 Bb4 30. Qc1 a3 31. Nh4 Nxh4 32. gxh4 Qxh4 33. Nxh6+ gxh6 34. Bxh6 Qxh5 35. Qf4 Kh7 36. Kg2 Rg8+ 0-1

[Event "Early-Titled-Tuesday-Blitz-February-27-2024"]
[Site "Chess.com"]
[Date "2024.02.27"]
[Round "2"]
[White "Juicy_Fork"]
[Black "JaloliddinIlkhomi"]
[Result "0-1"]
[WhiteElo "2522"]
[BlackElo "2756"]
[TimeControl "180+1"]
[EndTime "8:16:31 PST"]
[Termination "JaloliddinIlkhomi won on time"]

1. e4 e6 2. d4 d5 3. Nc3 Bb4 4.
e5 c5 5. a3 Bxc3+ 6. bxc3 Qa5 7.
Bd2 Qa4 8. Qg4 g6 9. Nf3 Nc6 10. Bd3 c4 11. Be2 Bd7 12. Ra2 h6 13. O-O Nge7 14. Rb1 O-O-O 15. Qf4 Nf5 16. h4 b6 17. Nh2 g5 18. hxg5 hxg5 19. Qxg5 Rdg8 20. Qf4 Rh4 21. g4 Rgh8 22. Nf1 Rh1+ 23. Kg2 Nh4+ 24. Kxh1 Ng6+ 25. Kg2 Nxf4+ 26. Bxf4 Qa5 27. Bd2 Ne7 28. Ng3 Nc6 29. Nf1 Rg8 30. Bf3 Ne7 31. Rd1 Ba4 32.
Ng3 Qb5 33. Rh1 Ng6 34. Rh7 Qb1 0-1

[Event "Early-Titled-Tuesday-Blitz-February-27-2024"]
[Site "Chess.com"]
[Date "2024.02.27"]
[Round "2"]
[White "ATM622"]
[Black "publicaccountcze"]
[Result "1-0"]
[WhiteElo "2513"]
[BlackElo "2246"]
[TimeControl "180+1"]
[EndTime "8:16:31 PST"]
[Termination "ATM622 won by resignation"]

1. d4 Nf6 2. c4 g6 3. g3 d5 4. Bg2 c6 5. Nf3 Bg7 6. O-O O-O 7. Nbd2 Nbd7 8. b3 b6 9. Bb2 Bb7 10. Qc2 Rc8 11. e4 dxe4 12. Nxe4 Nxe4 13. Qxe4 Ba8 14. Rfd1 Re8 15. Rac1 c5 16. Qb1 Qc7 17. d5 Nf6 18. Qa1 Rcd8 19. Be5 Qc8 20. d6 Nh5 21. Bxg7 Nxg7 22. dxe7 Rxe7 23. Qf6 Red7 24.
Re1 Ne6 25. Ne5 Rc7 26. Bxa8 Qxa8 27. Ng4 Ng7 28. Rcd1 Rcd7 29. Rxd7 Rxd7 30. Qc3 Qd8 31. Nf6+ Kh8 32. Nxd7 Qxd7 33. Qf6 Kg8 34. Re7 Qd1+ 35. Kg2 1-0

[Event "Early-Titled-Tuesday-Blitz-February-27-2024"]
[Site "Chess.com"]
[Date "2024.02.27"]
[Round "2"]
[White "Cambek64"]
[Black "ritanovikova"]
[Result "1-0"]
[WhiteElo "2508"]
[BlackElo "2223"]
[TimeControl "180+1"]
[EndTime "8:16:31 PST"]
[Termination "Cambek64 won by resignation"]

1. e4 d5 2. Nc3 dxe4 3. Nxe4 Bf5 4. Ng3 Bg6 5. Nf3 Nf6 6. h4 h6 7. Ne5 Bh7 8. Bc4 e6 9. Qe2 Bg8 10. c3 Nbd7 11. d4 Nxe5 12. dxe5 Nd5 13. Bd2 Be7 14. O-O-O c6 15. Ne4 Bh7 16. h5 Bxe4 17. Qxe4 Qa5 18.
Bb3 Qc7 19. c4 Nb6 20. Ba5 Bc5 21. f4 Qe7 22. Rd3 O-O 23. Bc2 f5 24. exf6 Rxf6 25. g3 Bb4 26. Bxb4 Qxb4 27. Rhd1 Qxc4 28. Rd8+ Rf8 29.
Qh7+ Kf7 30. R1d7+ Nxd7 31. Rxd7+ Ke8 32. Qxg7 Qf1+ 33. Rd1 Qc4 34. Kb1 Rf5 35. Qg8+ Rf8 36.
Bg6+ Ke7 37. Qg7+ 1-0

[Event "Early-Titled-Tuesday-Blitz-February-27-2024"]
[Site "Chess.com"]
[Date "2024.02.27"]
[Round "2"]
[White "Polish_fighter3000"]
[Black "bescmelasti"]
[Result "1-0"]
[WhiteElo "3076"]
[BlackElo "2648"]
[TimeControl "180+1"]
[EndTime "8:16:32 PST"]
[Termination "Polish_fighter3000 won by resignation"]

1. d4 Nf6 2. c4 e6 3. g3 d5 4.
Bg2 Bb4+ 5. Nd2 O-O 6. Qc2 b6 7. Nf3 Bb7 8. O-O Nbd7 9. cxd5 exd5 10. b3 Re8 11. e3 Bd6 12. Bb2 Qe7 13. Nh4 Qe6 14. Nf5 Bf8 15. Bh3 Kh8 16. Kg2 Qc6 17.
Qxc6 Bxc6 18. Rfc1 Bb5 19. Rxc7 Bd3 20. Rac1 a5 21.
Nxg7 Kxg7 22. Bxd7 Nxd7 23. Rxd7 Rac8 24. Rdc7 Rxc7 25. Rxc7 Re6 26. Bc3 h5 27. Kg1 h4 28.
Nf3 hxg3 29. hxg3 Rh6 30. Ne5 Be4 31. f3 Bd6 32. Rxf7+ Kg8 33. fxe4 Bxe5 34. Rf5 Bxg3 35.
Rg5+ 1-0

[Event "Early-Titled-Tuesday-Blitz-February-27-2024"]
[Site "Chess.com"]
[Date "2024.02.27"]
[Round "2"]
[White "Nouali_Mohamed"]
[Black "PawnEatingZombie"]
[Result "1-0"]
[WhiteElo "2548"]
[BlackElo "2155"]
[TimeControl "180+1"]
[EndTime "8:16:32 PST"]
[Termination "Nouali_Mohamed won by resignation"]

1. e4 d6 2. d4 Nf6 3. Nc3 e5 4.
dxe5 dxe5 5. Qxd8+ Kxd8 6. f4 Bb4 7. fxe5 Nxe4 8. Ne2 Bf5 9. Bf4 Nxc3 10. bxc3 Bc5 11.
O-O-O+ Kc8 12. Nd4 Bd7 13. Bc4 Rf8 14. e6 fxe6 15.
Nxe6 Rxf4 16. Nxf4 Be3+ 17. Kb2 Bxf4 18. Rhf1 Bd6 19. Rf7 Nc6 20. Rxg7 a6 21. Rxh7 b6 22. Bd5 Rb8 23. Rf1 Nd8 24. h4 c6 25. Be4 Be6 26. Rf6 Rb7 27. Rxb7 Kxb7 28. h5 Be7 29. Rg6 Bf7 30.
Rg7 Bf6 31. Rh7 Kc7 32. Bg6 1-0

[Event "Early-Titled-Tuesday-Blitz-February-27-2024"]
[Site "Chess.com"]
[Date "2024.02.27"]
[Round "2"]
[White "MightyGMpretender"]
[Black "krucki03"]
[Result "1-0"]
[WhiteElo "2772"]
[BlackElo "2542"]
[TimeControl "180+1"]
[EndTime "8:16:33 PST"]
[Termination "MightyGMpretender won by resignation"]

1. Nf3 d5 2. e3 Nf6 3. c4 e6 4. b3 c5 5. Bb2 Nc6 6. cxd5 Nxd5 7. Bc4 Be7 8. Nc3 Nxc3 9. Bxc3 Bf6 10. Qc2 O-O 11. Bb5 Nb4 12. Bxb4 cxb4 13. d4 a6 14. Bd3 h6 15. O-O Bd7 16. Be4 Rc8 17. Qd2 Qb6 18. Rac1 a5 19. h3 Bb5 20. Bd3 Bc6 21.
Qe2 Rfd8 22. Nd2 Qa7 23. Be4 Bd5 24. Bxd5 exd5 25. Qb5 Qa6 26. Qxa6 bxa6 27. Rfd1 Be7 28. Kf1 Rc3 29. Nb1 Rcc8 30. Ke2 Kf8 31. Kd2 Ke8 32. Rxc8 Rxc8 33. Rc1 Rxc1 34. Kxc1 Kd7 35. Kc2 f5 36. Kd3 g5 37. Nd2 h5 38. Nf3 Bf6 39. Ne5+ Kd6 40.
Nf3 g4 41. Ng1 Kc6 42. Ne2 Bg5 43. Ng3 Bh4 44. Nxh5 Bxf2 45. Ng7 gxh3 46. gxh3 Kb5 47. Nxf5 a4 48. h4 1-0

[Event "Early-Titled-Tuesday-Blitz-February-27-2024"]
[Site "Chess.com"]
[Date "2024.02.27"]
[Round "2"]
[White "cthake"]
[Black "PavelChernomordik"]
[Result "1/2-1/2"]
[WhiteElo "1820"]
[BlackElo "2428"]
[TimeControl "180+1"]
[EndTime "8:16:33 PST"]
[Termination "Game drawn by repetition"]

1. b3 g6 2. Bb2 Nf6 3. Nf3 Bg7 4. h4 d6 5. e4 e5 6. d3 Bg4 7. Be2 c5 8. Nc3 Nc6 9. Qd2 h5 10. Ng5 Nd4 11. f3 Bd7 12. O-O Bh6 13. Nd1 Nh7 14. Bxd4 cxd4 15. f4 f6 16. Nh3 Bxh3 17.
gxh3 Bxf4 18. Rxf4 exf4 19. Qxf4 Qd7 20. Kh2 O-O-O 21.
c4 g5 22. Qf2 gxh4 23. Bxh5 Kb8 24. Bg4 Qe7 25. b4 Qe5+ 26. Kh1 Ng5 27. a4 Rdg8 28. Nb2 Ne6 29. a5 Nf4 30. b5 Rg7 31. Rf1 Nh5 32.
Bxh5 Rxh5 33. Qxf6 Qg3 34. Qf8+ Kc7 35. Rf7+ Rxf7 36.
Qxf7+ Kd8 37. Qf8+ Kd7 38. Qf7+ Kd8 39. Qf8+ Kd7 40. Qf7+ Kd8 1/2-1/2

[Event "Early-Titled-Tuesday-Blitz-February-27-2024"]
[Site "Chess.com"]
[Date "2024.02.27"]
[Round "2"]
[White "KacperKacprzak"]
[Black "atalz0"]
[Result "1-0"]
[WhiteElo "2705"]
[BlackElo "2383"]
[TimeControl "180+1"]
[EndTime "8:16:34 PST"]
[Termination "KacperKacprzak won by resignation"]

1. d4 Nf6 2. c4 e6 3. Nf3 d5 4.
Nc3 dxc4 5. Qa4+ Nbd7 6. e4 a6 7. Bxc4 Rb8 8. Bd3 b5 9. Qc2 c5 10. d5 exd5 11. exd5 Bd6 12. O-O O-O 13. Bg5 h6 14.
Bh4 Qc7 15. a4 b4 16. Ne4 Nxe4 17. Bxe4 Ne5 18. Bg3 Nxf3+ 19. Bxf3 b3 20. Qc3 Bf5 21. Rac1 Rfc8 22. Rfe1 Bxg3 23. hxg3 Qd6 24. Re5 Bc2 25. Rce1 c4 26. Bh5 g6 27. Bg4 Rd8 28. Qxc4 Rb4 29.
Re8+ Rxe8 30. Rxe8+ Kh7 31. Qc3 g5 1-0

[Event "Early-Titled-Tuesday-Blitz-February-27-2024"]
[Site "Chess.com"]
[Date "2024.02.27"]
[Round "2"]
[White "salomez"]
[Black "komogro"]
[Result "1-0"]
[WhiteElo "2323"]
[BlackElo "2521"]
[TimeControl "180+1"]
[EndTime "8:16:34 PST"]
[Termination "salomez won on time"]

1. e4 b6 2. d4 Bb7 3. Nd2 e6 4.
c3 c5 5. Ngf3 d6 6. Bd3 a6 7. O-O Nf6 8. Re1 Be7 9. Qe2 O-O 10.
e5 Nd5 11. Ne4 cxd4 12. cxd4 Nc6 13. Bd2 h6 14. Rac1 dxe5 15. dxe5 Ndb4 16. Bb1 a5 17. Red1 Ba6 18. Qe3 Qb8 19. Nd6 Nxe5 20. Nxe5 Bxd6 21. Nd7 Qa7 22. Nxf8 Bxf8 23. Qe4 g6 24. Bc3 Nd5 25. Rxd5 exd5 26. Qe5 f6 27. Qxf6 Qg7 28. Qc6 Qf7 29. Qxa8 1-0

[Event "Early-Titled-Tuesday-Blitz-February-27-2024"]
[Site "Chess.com"]
[Date "2024.02.27"]
[Round "2"]
[White "NowInChess"]
[Black "Hananmo"]
[Result "0-1"]
[WhiteElo "2276"]
[BlackElo "2522"]
[TimeControl "180+1"]
[EndTime "8:16:34 PST"]
[Termination "Hananmo won on time"]

1. e4 c5 2. d3 e6 3. g3 a6 4. Bg2 b5 5. f4 Bb7 6. Nf3 d6 7. O-O Be7 8. a4 Nf6 9. axb5 axb5 10.
Rxa8 Bxa8 11. Nc3 b4 12. Ne2 O-O 13. h3 Qc7 14. g4 c4 15. Be3 b3 16. Ng3 Rc8 17. g5 Nfd7 18. cxb3 cxd3 19. Qxd3 Nc5 20. Bxc5 Qxc5+ 21. Kh1 Nc6 22. Qa6 Nb4 23. Qe2 Bb7 24. f5 Ba6 25. Qf2 Bxf1 26. Qxf1 Qc1 27. fxe6 fxe6 28.
Nd4 e5 29. Ndf5 Bf8 30. h4 g6 31. Nh6+ Bxh6 32. gxh6 Qxh6 33. Qb5 Qxh4+ 34. Kg1 Qxg3 35. Qxb4 Rc1+ 0-1

[Event "Early-Titled-Tuesday-Blitz-February-27-2024"]
[Site "Chess.com"]
[Date "2024.02.27"]
[Round "2"]
[White "Jospem"]
[Black "Skatchkov_V"]
[Result "1-0"]
[WhiteElo "3079"]
[BlackElo "2650"]
[TimeControl "180+1"]
[EndTime "8:16:35 PST"]
[Termination "Jospem won by resignation"]

1. e4 e5 2. Nf3 Nf6 3. Nc3 Nc6 4. h3 g6 5. Bc4 Bg7 6. d3 O-O 7. Bg5 h6 8. Be3 d6 9. Qd2 Kh7 10. g4 Nd7 11. O-O-O Nb6 12. Rdg1 Be6 13. Bb3 d5 14. Bxb6 dxe4 15. Bc5 exf3 16. Bxf8 Qxf8 17. Bxe6 fxe6 18. Kb1 Nd4 19. Ne4 Rd8 20. Re1 c5 21. Qe3 b6 22. h4 a5 23. Rh3 c4 24. dxc4 b5 25. cxb5 Rb8 26. a4 Qb4 27. c3 Qxa4 28.
cxd4 Rxb5 29. Rxf3 exd4 30. Qd3 Qb4 31. Re2 a4 32.
Nf6+ Kh8 33. Qxg6 1-0

[Event "Early-Titled-Tuesday-Blitz-February-27-2024"]
[Site "Chess.com"]
[Date "2024.02.27"]
[Round "2"]
[White "RandomNoob04"]
[Black "lilleper1"]
[Result "1-0"]
[WhiteElo "2632"]
[BlackElo "2936"]
[TimeControl "180+1"]
[EndTime "8:16:35 PST"]
[Termination "RandomNoob04 won by resignation"]

1. e4 c5 2. d4 cxd4 3. c3 Nf6 4.
e5 Nd5 5. Nf3 e6 6. cxd4 d6 7.
Bc4 Be7 8. O-O O-O 9. Qe2 Bd7 10. Nc3 Nxc3 11. bxc3 Bc6 12. Rd1 Bxf3 13. Qxf3 Qc7 14. exd6 Bxd6 15. Bd3 Bxh2+ 16. Kh1 Bd6 17. Qh5 g6 18. Qf3 Nd7 19. c4 Rfd8 20. Bg5 Re8 21.
c5 Be7 22. Bf4 e5 23. Bg3 Rab8 24. Bc4 Rf8 25. Re1 Qc6 26. Qb3 Rbe8 27. Bb5 Qc8 28. Bxe5 Rd8 29. Bg3 Nf6 30. Rxe7 Rxd4 31. Rc1 Ne4 32.
Qe3 Nxg3+ 33. Qxg3 Rg4 34. Bd7 Rxg3 35. Bxc8 Ra3 36.
Bxb7 1-0

[Event "Early-Titled-Tuesday-Blitz-February-27-2024"]
[Site "Chess.com"]
[Date "2024.02.27"]
[Round "2"]
[White "Bkmzzzzz"]
[Black "Elprofessor21"]
[Result "0-1"]
[WhiteElo "2384"]
[BlackElo "2668"]
[TimeControl "180+1"]
[EndTime "8:16:36 PST"]
[Termination "Elprofessor21 won by checkmate"]

1. e4 c5 2. Nf3 d6 3. d4 cxd4 4. Qxd4 a6 5. Be3 Nc6 6. Qb6 Nf6 7. Nc3 g6 8. O-O-O Qxb6 9. Bxb6 Bg4 10. Be2 Bh6+ 11. Kb1 O-O 12. h3 Bxf3 13. Bxf3 Rac8 14. g4 Ne5 15. Be2 Rxc3 16. bxc3 Nxe4 17. Bd4 Rc8 18.
Kb2 b5 19. f3 Ng3 20. Rh2 Bf4 21. a3 f6 22. Bxe5 Bxe5 23. Rd3 Ne4 24. Rg2 Nxc3 25. Kb3 a5 26. Bf1 a4+ 27. Kb4 d5 28. f4 Bd6+ 29.
Ka5 Bxa3 30. f5 g5 31. h4 gxh4 32. Rh2 Bd6 33. Rxh4 a3 34. Rdh3 a2 35. Rxh7 a1=Q+ 36. Kb6 Rb8+ 37. Kc6 Qa8+ 38. Kd7 Rd8+ 39. Ke6 Qc8# 0-1

[Event "Early-Titled-Tuesday-Blitz-February-27-2024"]
[Site "Chess.com"]
[Date "2024.02.27"]
[Round "2"]
[White "DonCiao"]
[Black "Muslim_player_05"]
[Result "0-1"]
[WhiteElo "2097"]
[BlackElo "2466"]
[TimeControl "180+1"]
[EndTime "8:16:36 PST"]
[Termination "Muslim_player_05 won by resignation"]

1. c4 Nf6 2. g3 g6 3. Bg2 Bg7 4.
Nc3 O-O 5. e4 d6 6. d3 c5 7. Nge2 Nc6 8. O-O Ne8 9. Be3 Nc7 10.
h3 Ne6 11. f4 Ned4 12. g4 f5 13. exf5 gxf5 14. g5 e5 15. Nd5 Be6 16. Ng3 Ne7 17.
Rb1 Nxd5 18. cxd5 Bd7 19. b4 b6 20. bxc5 bxc5 21. Bxd4 cxd4 22. Qh5 exf4 23. Rxf4 Be5 24. Rh4 Rf7 25. g6 hxg6 26. Qxg6+ Rg7 27. Qh6 Bxg3 28. Rxd4 Be5 29. Rh4 Qf6 30. Qh8+ Kf7 31. Qxa8 Qxh4 32. Qxa7 Bd4+ 0-1

[Event "Early-Titled-Tuesday-Blitz-February-27-2024"]
[Site "Chess.com"]
[Date "2024.02.27"]
[Round "2"]
[White "EvilMorty23"]
[Black "BardArtem"]
[Result "0-1"]
[WhiteElo "2540"]
[BlackElo "2769"]
[TimeControl "180+1"]
[EndTime "8:16:37 PST"]
[Termination "BardArtem won by checkmate"]

1. e4 e5 2. Nf3 Nc6 3. Bc4 Bc5 4. c3 Nf6 5. d3 d6 6. Nbd2 h6 7. Nf1 O-O 8. Ng3 Be6 9. Bb3 Re8 10. O-O d5 11. Qe2 Qd7 12. Nh4 Bg4 13. Qe1 dxe4 14. dxe4 Rad8 15. Nhf5 Nh5 16. h3 Nxg3 17. Nxg3 Be6 18.
Be3 Bf8 19. Rd1 Qc8 20. Qe2 g6 21. Bd5 Ne7 22. c4 a6 23. f4 exf4 24. Bxf4 Nxd5 25. cxd5 Bxd5 26. Qe3 Kh7 27. Qc3 Be6 28. Bxc7 Rxd1 29. Rxd1 Bg7 30. e5 Bxh3 31. gxh3 Qxh3 32. Rd3 h5 33. Nf1 Qg4+ 34. Rg3 Qe4 35. Rf3 Bxe5 36. Bxe5 Rxe5 37. Rxf7+ Kg8 38. Rc7 Rg5+ 39. Kf2 Rg2# 0-1

[Event "Early-Titled-Tuesday-Blitz-February-27-2024"]
[Site "Chess.com"]
[Date "2024.02.27"]
[Round "2"]
[White "amanjazu"]
[Black "aRk_iN"]
[Result "1-0"]
[WhiteElo "2512"]
[BlackElo "2239"]
[TimeControl "180+1"]
[EndTime "8:16:37 PST"]
[Termination "amanjazu won by checkmate"]

1. g3 d5 2. Bg2 c6 3. f4 Nf6 4.
Nf3 Bf5 5. O-O e6 6. d3 Be7 7. Nc3 O-O 8. Nh4 Nfd7 9. Nxf5 exf5 10. e4 fxe4 11. dxe4 dxe4 12. Nxe4 Nc5 13. Be3 Nbd7 14.
Nd6 Qc7 15. Nf5 Bf6 16. c3 Rfe8 17. Bd4 Rad8 18. Qg4 g6 19. Bxf6 Nxf6 20. Qh4 Nd5 21. Nh6+ Kg7 22. f5 Ne3 23. fxg6 Nxf1 24. Nf5+ Kxg6 25.
Qh6+ Kxf5 26. Rxf1+ Ke5 27. Qf6# 1-0

[Event "Early-Titled-Tuesday-Blitz-February-27-2024"]
[Site "Chess.com"]
[Date "2024.02.27"]
[Round "2"]
[White "IMRosen"]
[Black "eightbyeightchess"]
[Result "1-0"]
[WhiteElo "2714"]
[BlackElo "2402"]
[TimeControl "180+1"]
[EndTime "8:16:38 PST"]
[Termination "IMRosen won by resignation"]

1. d4 d5 2. Bf4 c5 3. Nc3 a6 4. dxc5 Nf6 5. e4 d4 6. Na4 Qa5+ 7. c3 Nbd7 8. b4 Qd8 9. Qxd4 e6 10. Rd1 Be7 11. Nf3 O-O 12. Be2 Qe8 13. O-O e5 14. Nxe5 Nxe5 15. Qxe5 Qxa4 16. Qxe7 Qxa2 17. Rd2 Qb3 18. Be5 Re8 19. Bxf6 Bg4 20. Qd6 Bxe2 21. Qg3 g6 22. Rxe2 Qc4 23. Qg5 Re6 24. e5 Kf8 25. Qh6+ Ke8 26. Rd2 Qxc3 27. Rfd1 1-0

[Event "Early-Titled-Tuesday-Blitz-February-27-2024"]
[Site "Chess.com"]
[Date "2024.02.27"]
[Round "2"]
[White "shimastream"]
[Black "Alexei_Gubajdullin"]
[Result "0-1"]
[WhiteElo "2965"]
[BlackElo "2645"]
[TimeControl "180+1"]
[EndTime "8:16:41 PST"]
[Termination "Alexei_Gubajdullin won on time"]

1. c4 Nf6 2. Nc3 g6 3. g3 Bg7 4. Bg2 O-O 5. d4 d6 6. h3 Nbd7 7. e3 e5 8. Nge2 Re8 9. O-O h5 10. e4 h4 11. g4 Nh7 12. d5 Bf6 13. Be3 Bg5 14. Qd2 Bxe3 15. Qxe3 a6 16. b4 Qg5 17. a4 Qxe3 18. fxe3 Nb6 19. c5 Nc4 20. Kf2 a5 21. Nb5 Re7 22. Rfc1 Nd2 23. cxd6 cxd6 24.
Nxd6 Bd7 25. Ra2 Nb3 26. Rc3 Ra6 27. Nxb7 Rb6 28. Nxa5 Nxa5 29. bxa5 Ra6 30. Rc7 Kf8 31.
Nc3 Be8 32. Rc5 Rea7 33. Ke1 Ke7 34. Kd2 Ng5 35. Kd3 Bd7 36. Rb5 Bxb5+ 37. Nxb5 Rb7 38. Kc4 Rxa5 39. Kb4 Rbxb5+ 0-1

[Event "Early-Titled-Tuesday-Blitz-February-27-2024"]
[Site "Chess.com"]
[Date "2024.02.27"]
[Round "2"]
[White "SchmakAttack"]
[Black "Kotlyar_K"]
[Result "1-0"]
[WhiteElo "2831"]
[BlackElo "2566"]
[TimeControl "180+1"]
[EndTime "8:16:41 PST"]
[Termination "SchmakAttack won by checkmate"]

1. e4 c5 2. Nf3 d6 3. c3 Nf6 4. h3 Bd7 5. Bd3 g6 6. O-O Bg7 7. Bc2 O-O 8. d4 cxd4 9. cxd4 Nc6 10. Nc3 Rc8 11. Re1 Ne8 12. Bg5 Nc7 13. Qd2 Re8 14.
Rad1 b5 15. a3 a5 16. Bb3 a4 17. Ba2 Na5 18. e5 dxe5 19. dxe5 Be6 20. Qf4 h6 21. Bxh6 Bh8 22. Rxd8 Rcxd8 23. Qh4 Bxa2 24. Nxa2 Ne6 25. Nc3 Nb3 26. Ng5 Ned4 27. Bf8 e6 28.
Qh7+ Kxf8 29. Qxf7# 1-0

[Event "Early-Titled-Tuesday-Blitz-February-27-2024"]
[Site "Chess.com"]
[Date "2024.02.27"]
[Round "2"]
[White "dpopadic"]
[Black "Kostya0705"]
[Result "0-1"]
[WhiteElo "2359"]
[BlackElo "2582"]
[TimeControl "180+1"]
[EndTime "8:16:42 PST"]
[Termination "Kostya0705 won on time"]

1. e4 c5 2. Nc3 e6 3. d3 Nc6 4. g4 Nge7 5. Bg2 d5 6. Nh3 a6 7.
O-O b5 8. Re1 dxe4 9. Nxe4 Nd5 10.
c3 Bb7 11. Nf4 Nxf4 12. Bxf4 Rc8 13. Qe2 Be7 14. Be3 Nb8 15. Nf6+ Bxf6 16. Bxb7 Rc7 17.
Bg2 O-O 18. Rad1 Rd7 19. f4 Qc7 20. g5 Be7 21. h4 Nc6 22. Be4 f5 23. gxf6 Bxf6 24.
h5 Qd6 25. Qg2 Ne7 26. Qf2 Rc7 27. Qh2 Nd5 28. Bc1 Re7 29. Rf1 Ref7 30. Kh1 Bd8 31. d4 c4 32. Rf3 Bc7 33. Rdf1 Ne7 34. Qc2 Nf5 35. Qh2 Kh8 36. a3 Rf6 37. Rh3 Qe7 38.
Qe2 Nh6 39. Qh2 Bxf4 0-1